[Event "*** Titled Tuesday 3|2 Blitz"]
[Site "Chess.com"]
[Date "2017.03.07"]
[Round "4"]
[White "MaestroASK"]
[Black "Elshan1985"]
[Result "0-1"]
[WhiteElo "2469"]
[BlackElo "2498"]
[TimeControl "180+2"]
[EndTime "13:57:26 PST"]
[Termination "Elshan1985 won by resignation"]

1. g3 d5 2. d3 Nf6 3. Bg2 c6 4.
e4 dxe4 5. dxe4 Qxd1+ 6. Kxd1 e5 7. f3 h5 8. h4 Be6 9. Bh3 Bxh3 10. Nxh3 Bc5 11. Ke2 Nbd7 12. Nd2 a5 13. a4 Bb4 14. c3 Be7 15. Nc4 Bc5 16. Rd1 Ke7 17. b3 Ne8 18. Nf2 Nd6 19. Nxd6 Bxd6 20. Be3 Rhd8 21. Nd3 Bc7 22.
Ra2 b6 23. Rad2 Nf8 24. Nb2 Rxd2+ 25. Rxd2 Ne6 26. Nc4 b5 27. axb5 cxb5 28. Na3 Rb8 29. Nc2 Bd6 30. Rd5 Nc7 31. Rd1 a4 32. b4 Rc8 33.
Na3 f6 34. Rd3 Rb8 35. f4 Rb7 36. f5 Ne8 37. Kf3 Kd7 38. g4 hxg4+ 39. Kxg4 Kc6 40.
Kh5 Rd7 41. Kg6 Nc7 42. h5 Ne8 43. h6 gxh6 44. Bxh6 Re7 45. Rd5 Nc7 46. Rd1 Ne8 47. Rd2 Rc7 48. Rd5 Rb7 49. Rd1 Be7 50. Re1 Nd6 51. Bg7 Ne8 52. Bh8 Rc7 53. Re3 Kb6 54. Rd3 Nd6 55. Bxf6 Nxe4 56. Bxe7 Rxe7 57. f6 Re6 58.
Rf3 Nd6 59. Kg7 e4 60. Rf1 e3 61. f7 Re7 62. Nc2 e2 63. Re1 Rxf7+ 64. Kg6 Rf2 65. Nd4 Ne4 66. Nxe2 a3 67. Nd4 Nxc3 68. Re6+ Kb7 69. Re7+ Kc8 70. Ra7 Rd2 71. Nc6 Rd6+ 72.
Kf5 Rxc6 73. Rxa3 Rc4 74. Ke5 Kb7 75. Kd6 Na4 76. Kd5 Rxb4 77. Ra1 Rc4 78. Rb1 Kb6 79. Kd6 Rd4+ 0-1

[Event "*** Titled Tuesday 3|2 Blitz"]
[Site "Chess.com"]
[Date "2017.03.07"]
[Round "4"]
[White "denizozen"]
[Black "Incognito_Knight"]
[Result "0-1"]
[WhiteElo "2462"]
[BlackElo "2404"]
[TimeControl "180+2"]
[EndTime "13:57:27 PST"]
[Termination "Incognito_Knight won by resignation"]

1. e4 c5 2. Nf3 e6 3. c3 Nf6 4.
Bd3 d6 5. Bc2 Nc6 6. O-O Be7 7. d4 cxd4 8. cxd4 O-O 9. a3 e5 10. d5 Nb8 11. Nc3 Nbd7 12. Be3 Re8 13. Nd2 Nf8 14. f3 Ng6 15. Ba4 Nd7 16. Nb5 Nb6 17. Rc1 Bd7 18. Nc3 Nxa4 19. Nxa4 Bg5 20. Bxg5 Qxg5 21. Nc3 Nf4 22. g3 Nd3 23. Rc2 Bh3 24.
f4 exf4 25. Nf3 Qg4 26. Qxd3 Bxf1 27. Kxf1 fxg3 28. hxg3 Qxg3 29. Rg2 Qh3 30. Ne2 Rac8 31. Ne5 Qxd3 32. Nxd3 Rxe4 33. Nc3 Rd4 34. Ke2 Re8+ 35.
Kd2 h5 36. Nb5 Rg4 37. Rh2 h4 38. Nxd6 Rd8 39. Nf5 Kf8 40. Nxh4 Rxd5 41. Nf3 Rg3 42. Ne1 f6 43. Ke2 Rd7 44. Rh8+ Kf7 45. Ra8 a6 46. Rc8 Re7+ 47. Kf2 Rg5 48. Nf3 Rf5 49. Rc4 g5 50.
Kg2 Re3 51. Nfe1 Rd5 52. Rc7+ Kg6 53. Rxb7 Rexd3 54. Nxd3 Rxd3 55. Rb6 Kf5 56. a4 g4 57. a5 Kg5 58. Rxa6 Rd2+ 59. Kg3 Rxb2 60. Rb6 Ra2 61. Rb5+ f5 62. Rc5 Ra3+ 63. Kf2 Ra4 64. Kg3 Ra3+ 65. Kf2 Kf4 66. Rc4+ Ke5 67. Rc5+ Ke4 68. Rc4+ Kd5 69. Rf4 Ke5 0-1

[Event "*** Titled Tuesday 3|2 Blitz"]
[Site "Chess.com"]
[Date "2017.03.07"]
[Round "4"]
[White "GMMelik"]
[Black "NTBT_DHS"]
[Result "1-0"]
[WhiteElo "2414"]
[BlackElo "2557"]
[TimeControl "180+2"]
[EndTime "13:57:30 PST"]
[Termination "GMMelik won by checkmate"]

1. e4 g6 2. d4 Bg7 3. Nc3 a6 4.
a4 b6 5. Nf3 Bb7 6. Bc4 e6 7. d5 exd5 8. exd5 d6 9. O-O Ne7 10.
Re1 O-O 11. Bg5 f6 12. Bd2 Nf5 13. g4 Nh6 14. Nd4 Qd7 15. Ne6 Nf7 16. Nxf8 Kxf8 17. f4 Nh6 18. h3 Qd8 19. Be3 Nd7 20. Bd4 Nf7 21. Qe2 Bh6 22. Rf1 f5 23. g5 Bg7 24.
Bxg7+ Kxg7 25. Rae1 h6 26. gxh6+ Kxh6 27. Qe7 Kg7 28.
Qxd8 Rxd8 29. Re7 Kf6 30. Rfe1 Nfe5 31. Re6+ Kf7 32. fxe5 Nxe5 33. R1xe5 dxe5 34. d6 Kg7 35. dxc7 Rd7 36. Rxe5 Rxc7 37. Bd5 Bc8 38. Kf2 Kf6 39. Re8 Kg5 40. Rd8 b5 41. axb5 axb5 42. Bb3 Bd7 43.
Nd5 Ra7 44. Nb6 Bc6 45. Rd6 Be4 46. Nd7 Ra1 47. Ne5 f4 48. Nf3+ Kh5 49. Rd4 Bf5 50. Rxf4 Kh6 51. h4 Rc1 52. Nd4 Rd1 53. Nxf5+ gxf5 54. Rxf5 Kg6 55. Rxb5 Kh6 56. Ke3 Rh1 57. h5 Rh3+ 58.
Kd2 Kg7 59. Bc4 Kf6 60. Bd3 Ke7 61. b4 Kd6 62. Rf5 Rh4 63. Kc3 Ke6 64. b5 Kd6 65. b6 Kc6 66. Rb5 Kb7 67. Kd2 Rh3 68. Be4+ Kb8 69. Re5 Rh2+ 70. Ke3 Kc8 71. b7+ Kd7 72.
Rb5 Rh3+ 73. Kd4 Rh2 74. b8=Q Rd2+ 75. Ke3 Rd6 76. Bf5+ Ke7 77. Re5+ Kf6 78. Qxd6+ Kg5 79. Qg6+ Kh4 80. Qg4# 1-0

[Event "*** Titled Tuesday 3|2 Blitz"]
[Site "Chess.com"]
[Date "2017.03.07"]
[Round "4"]
[White "TheCount"]
[Black "GMMarcinDziuba"]
[Result "0-1"]
[WhiteElo "2556"]
[BlackElo "2468"]
[TimeControl "180+2"]
[EndTime "13:57:32 PST"]
[Termination "GMMarcinDziuba won by resignation"]

1. Nf3 d5 2. g3 Nf6 3. Bg2 c6 4. c4 Bg4 5. cxd5 Bxf3 6. Bxf3 cxd5 7. Qb3 Qd7 8. Nc3 e6 9. d3 Nc6 10. Bg2 Bc5 11. O-O O-O 12. e4 dxe4 13. dxe4 Ng4 14.
Qc4 Qe7 15. Qe2 Nge5 16. Be3 Bxe3 17. Qxe3 Qb4 18. b3 Nd4 19. Rac1 Rac8 20. Rfd1 Rxc3 21.
Rxc3 Qxc3 22. Qxd4 Qxd4 23. Rxd4 g5 24. Ra4 a6 25.
Ra5 f6 26. f4 gxf4 27. gxf4 Nd3 28. e5 Rf7 29. f5 Nxe5 30. fxe6 Re7 31. Rc5 Kg7 32.
Rc8 b5 33. Bd5 Ng6 34. Rb8 Nf4 35. Bf3 Nxe6 36. Ra8 Nd4 37. Bd5 Rd7 38. Be4 f5 39.
Bg2 Rd6 40. Ra7+ Kg6 41. Kf2 h5 42. a4 Nxb3 43. axb5 axb5 44. Rb7 Nd4 45. Bf1 Rd5 46. Bd3 Kg5 47. Ke3 Ne6 48. Bxb5 f4+ 49. Ke4 Nc5+ 50. Kxd5 Nxb7 51. Bc4 Kg4 52. Ke5 f3 53. Bf1 Nc5 54. Kd4 Nb3+ 55. Ke3 Nc5 56. Bc4 h4 57. Bd5 Kh3 58.
Bxf3 Kxh2 59. Kf2 Ne6 60. Bd5 Ng5 61. Kf1 Kg3 62. Kg1 Nh3+ 63. Kh1 Nf2+ 64. Kg1 h3 65. Ba8 Ng4 66. Kh1 Ne3 67. Kg1 Ng4 68. Kf1 Nf2 69. Bb7 h2 70. Ba8 Nd1 71. Bb7 Ne3+ 0-1

[Event "*** Titled Tuesday 3|2 Blitz"]
[Site "Chess.com"]
[Date "2017.03.07"]
[Round "4"]
[White "chito89"]
[Black "Gordima"]
[Result "1-0"]
[WhiteElo "2527"]
[BlackElo "2476"]
[TimeControl "180+2"]
[EndTime "13:57:32 PST"]
[Termination "chito89 won by resignation"]

1. e4 c5 2. Nf3 d6 3. c3 Nf6 4. h3 Bd7 5. Bd3 Bc6 6. Qe2 Nbd7 7.
Bc2 e6 8. O-O Be7 9. d4 b5 10. Re1 O-O 11. Nbd2 Qb6 12. Nf1 cxd4 13. cxd4 d5 14. e5 Ne4 15. N3d2 Qxd4 16. Nxe4 dxe4 17. Bxe4 Bxe4 18. Qxe4 Qxe4 19. Rxe4 Rfc8 20. Bd2 Kf8 21. Bc3 h5 22. Rd1 Ke8 23. g4 hxg4 24. hxg4 Nb6 25. Ne3 a5 26. Bd4 Nd7 27. Ng2 a4 28. a3 Rc6 29. f4 g6 30. f5 gxf5 31. gxf5 exf5 32. Re2 Rac8 33. Ne3 Rc1 34. Rxc1 Rxc1+ 35. Kg2 f4 36. Nd5 Rd1 37. Nc7+ Kf8 38. Nxb5 Rd3 39. Rf2 Bg5 40.
Rf3 Rd2+ 41. Rf2 Rd3 42. Bc3 Rg3+ 43. Kf1 f3 44. e6 fxe6 45. Nd4 Be3 46. Rxf3+ Rxf3+ 47.
Nxf3 Ke7 48. Ke2 Bc5 49. Kd3 Kd6 50. Kc4 Kc6 51. Nd2 Nb6+ 52. Kd3 Kd5 53. Ne4 Be7 54. Bd4 Nd7 55. Nc3+ Kd6 56. Nxa4 e5 57. Be3 Ke6 58. b4 Nf6 59. Nc3 Kf5 60. Kc4 e4 61. a4 Ng4 62. Bd4 e3 63. a5 Kf4 64. a6 Bxb4 65. Kxb4 1-0

[Event "*** Titled Tuesday 3|2 Blitz"]
[Site "Chess.com"]
[Date "2017.03.07"]
[Round "4"]
[White "ChristopherYoo"]
[Black "Chesstrainer1"]
[Result "0-1"]
[WhiteElo "2143"]
[BlackElo "2332"]
[TimeControl "180+2"]
[EndTime "13:57:41 PST"]
[Termination "Chesstrainer1 won on time"]

1. e4 c5 2. Nf3 g6 3. d4 cxd4 4. Nxd4 Bg7 5. Nc3 Nc6 6. Be3 Nf6 7. Bc4 O-O 8. Bb3 d6 9. f3 Bd7 10. Qd2 Nxd4 11. Bxd4 b5 12. g4 a5 13. h4 a4 14. Bd5 b4 15. Ne2 Rc8 16. h5 e5 17.
Be3 Nxd5 18. exd5 a3 19. bxa3 e4 20. Nd4 exf3 21. hxg6 fxg6 22. Qh2 f2+ 23. Kf1 Bxg4 24. Qxh7+ Kf7 25. Ne6 Qf6 26. Bd4 Qxd4 27. Nxd4 Rh8 28.
Ne6 Rxh7 29. Rxh7 Bxe6 30. dxe6+ Kg8 31. Rxg7+ Kxg7 32. axb4 Rxc2 33. a4 Rb2 34. b5 Kf6 35. Rc1 Kxe6 36. Rc8 Rb4 37. a5 Rxb5 38. a6 Ra5 39. Rc6 Ra2 40. Rc7 Rxa6 41. Kxf2 Ra3 42. Rg7 Kf6 43. Rd7 Ke5 44. Rg7 Kf5 45. Rd7 Ra6 46.
Kf3 Ke5 47. Rg7 d5 48. Ke3 Ra3+ 49. Ke2 Rg3 50. Kf2 Rg5 51. Ke3 d4+ 52. Ke2 Rg2+ 53. Kf3 Rg5 54. Ke2 Ke6 55. Kd3 Kf6 56. Rg8 Rd5 57. Rf8+ Kg5 58. Ke4 Rd7 59. Rf3 d3 60. Rg3+ Kh5 61. Kf4 Rd4+ 0-1

[Event "*** Titled Tuesday 3|2 Blitz"]
[Site "Chess.com"]
[Date "2017.03.07"]
[Round "4"]
[White "Dr-Bassem"]
[Black "Smirnov_Pavel"]
[Result "0-1"]
[WhiteElo "2630"]
[BlackElo "2671"]
[TimeControl "180+2"]
[EndTime "13:57:44 PST"]
[Termination "Smirnov_Pavel won on time"]

1. e4 c5 2. Nf3 Nc6 3. d3 g6 4. g3 Bg7 5. Bg2 e5 6. O-O Nge7 7. c3 O-O 8. a3 a5 9. a4 d6 10. Be3 h6 11. Nfd2 Be6 12. Na3 Kh7 13. f4 exf4 14. gxf4 f5 15. Nb5 b6 16. Qe2 d5 17. e5 d4 18. Bf2 Nd5 19. Qf3 g5 20. c4 Ndb4 21. Bg3 g4 22. Qe2 h5 23. h4 Qd7 24. Nb1 Rfd8 25. N1a3 Bf8 26. Nc2 Nxc2 27. Qxc2 Rac8 28. Qe2 Re8 29. Rae1 Nd8 30. Qf2 Nf7 31.
Kh2 Nh8 32. Rh1 Ng6 33. Kg1 Be7 34. Rf1 Rf8 35. b3 Rce8 36. Qd2 Qd8 37. Qe1 Bd7 38. Bd5 Bc8 39. Qf2 Rh8 40. Na7 Bd7 41. e6 Bc8 42.
Re1 Bf6 43. Nxc8 Qxc8 44. Qg2 Re7 45. Kf2 Qc7 46. Qh2 Rhe8 47. Re2 Bg7 48. Rf1 Bh6 49. Kg1 Kg7 50. Qf2 Kf6 51. Re5 Rf8 52. Kh1 Kg7 53. Ree1 Qd6 54. Re2 Rc7 55. Rfe1 Re8 56. Rf1 Nf8 57. Rfe1 Rce7 58. Re5 Kf6 59. Qe2 Ng6 60. Qf2 Rf8 61. Rxf5+ Kxf5 62. Be4+ Kf6 63. Bxg6 Rxe6 64. Re5 Kg7 0-1

[Event "*** Titled Tuesday 3|2 Blitz"]
[Site "Chess.com"]
[Date "2017.03.07"]
[Round "4"]
[White "spectralsoul"]
[Black "Yaacovn"]
[Result "1-0"]
[WhiteElo "2634"]
[BlackElo "2586"]
[TimeControl "180+2"]
[EndTime "13:57:51 PST"]
[Termination "spectralsoul won by resignation"]

1. Nf3 Nf6 2. c4 b6 3. g3 Bb7 4.
Bg2 g6 5. O-O Bg7 6. Re1 O-O 7.
Nc3 Ne4 8. Nxe4 Bxe4 9. d3 Bb7 10.
e4 e5 11. d4 exd4 12. Nxd4 d6 13. Be3 a5 14. Qd2 Nd7 15. Rad1 Re8 16. f3 a4 17. Qc2 Nc5 18. Nb5 Qe7 19. Bd4 Be5 20. Qc3 Bc6 21.
Na3 Qf6 22. Nc2 Ne6 23. Bxe5 Qxe5 24. Re3 Nc5 25. Nd4 Bd7 26. Qd2 Rab8 27. Rde1 Ne6 28.
Ne2 Qa5 29. Nc3 b5 30. cxb5 Rxb5 31. Qf2 Rbb8 32. Nd5 Kg7 33. b4 Qa7 34. f4 c6 35. f5 cxd5 36. fxe6 Rxe6 37. a3 Rf6 38. Qb2 d4 39. Rd3 Bb5 40. Qxd4 Qxd4+ 41. Rxd4 Rc8 42. g4 Rc3 43. g5 Re6 44. Ra1 Bc6 45. h4 h6 46. Kf2 hxg5 47. hxg5 Rc2+ 48. Kg3 Re5 49. Bf3 Rc3 50. Kf4 Re6 51. Bg4 Re7 52. Bf3 Re6 53. Bg4 Re7 54. Bf3 Ba8 55. Rxd6 Rc4 56. Re1 Rc3 57. Ra6 Bb7 58. Rxa4 Rc2 59. Ra5 Rf2 60. Kg3 Ra2 61. Re3 Rc7 62. Ra7 Ra1 63. e5 Rg1+ 64. Kf2 Rxg5 65. Rxb7 Rc2+ 66. Be2 Rf5+ 67. Kg3 Rg5+ 68. Kf4 Rg1 69. e6 g5+ 70. Ke5 Re1 71. Rxf7+ Kg8 72. Rf2 Kg7 73. e7 Rc8 74. Kd6 Rec1 75.
Bg4 Re8 76. Bd7 Rd1+ 77. Ke6 Rh8 78. Rf7+ Kg6 79. e8=Q 1-0

[Event "*** Titled Tuesday 3|2 Blitz"]
[Site "Chess.com"]
[Date "2017.03.07"]
[Round "4"]
[White "Jadro9"]
[Black "Noukii"]
[Result "1-0"]
[WhiteElo "2405"]
[BlackElo "2645"]
[TimeControl "180+2"]
[EndTime "13:58:05 PST"]
[Termination "Jadro9 won by resignation"]

1. e4 Nf6 2. e5 Nd5 3. d4 d6 4.
Nf3 g6 5. Bc4 Nb6 6. Bb3 Bg7 7.
Ng5 e6 8. Qf3 Qd7 9. Ne4 dxe5 10. Nf6+ Bxf6 11. Qxf6 Rg8 12. dxe5 Qd4 13. O-O N8d7 14.
Qg5 Qxe5 15. Qh6 Nf6 16. Nc3 Bd7 17. Bf4 Qh5 18. Qxh5 gxh5 19. Bxc7 Bc6 20. f3 Nbd5 21. Be5 Nxc3 22. Bxc3 Nd5 23. Be5 Ke7 24. Rfe1 Rg5 25. Kf2 Rag8 26. g3 h4 27. Rad1 hxg3+ 28. Bxg3 f6 29. c4 Nb6 30. Rd6 Bd7 31. c5 Rxc5 32. Bxe6 Rxg3 33. Rxd7+ Nxd7 34. Kxg3 Ne5 35. Bb3 Kf8 36. f4 Nd3 37. Re6 Rc6 38. Re2 Nc5 39.
Bd5 Rd6 40. Bc4 a5 41. Kg4 Rd4 42. b3 b6 43. Kf5 Nb7 44. Kxf6 Rxf4+ 45. Ke5 Rh4 46.
Kd5 Rh6 47. Re6 Rxe6 48. Kxe6 Ke8 49. Bb5+ Kd8 50. Kf6 Nd6 51. Bd3 h5 52. Kg5 Ke7 53. Kxh5 Kf6 54. Kg4 Nf7 55. Kf4 Ne5 56. Be4 Nd7 57.
h4 Nc5 58. Bd5 Nd3+ 59. Ke3 Nb4 60. Kd4 Nxa2 61. Kc4 Nb4 62. Bf3 Nc2 63. Kd5 b5 64.
Kc5 b4 65. Bd5 Kg6 66. Be4+ Kh5 67. Bxc2 1-0

[Event "*** Titled Tuesday 3|2 Blitz"]
[Site "Chess.com"]
[Date "2017.03.07"]
[Round "4"]
[White "popov_m"]
[Black "CM_Perligero"]
[Result "1-0"]
[WhiteElo "2404"]
[BlackElo "2129"]
[TimeControl "180+2"]
[EndTime "13:58:07 PST"]
[Termination "popov_m won by resignation"]

1. d4 d5 2. Bf4 c6 3. e3 e6 4. Nf3 Nf6 5. h3 Nbd7 6. Nbd2 c5 7.
c3 Nb6 8. Bd3 Be7 9. Qe2 Bd7 10.
Ne5 c4 11. Bc2 a5 12. g4 h6 13. Rg1 g5 14. Bg3 a4 15. a3 Bc6 16. f4 Nbd7 17.
f5 Nxe5 18. Bxe5 Qd7 19. fxe6 fxe6 20. Bg6+ Kd8 21. Rf1 Rf8 22. Rf2 Kc8 23. Qf1 Qd8 24.
O-O-O b6 25. e4 Kb7 26. exd5 Nxd5 27. Rxf8 Qxf8 28. Nxc4 b5 29. Qxf8 Rxf8 30. Nd6+ Bxd6 31. Bxd6 Rf3 32. Re1 Ne3 33. Bd3 Rxh3 34. Bf8 Bd7 35. Bg7 Nxg4 36. Be4+ Kb6 37. Rf1 Re3 38. Bg6 Re2 39. Bf8 Ne3 40. Rf7 Kc7 41. Bxh6 g4 42. Bf4+ Kd8 43. Bd6 Be8 44. Rf8 Kd7 45. Bd3 Kxd6 46.
Bxe2 Bg6 47. Kd2 Nc4+ 48. Bxc4 bxc4 49. Ke3 Bf5 50. Kf4 Kd5 51. Rd8+ Kc6 52. Ra8 Kb5 53. Rb8+ Kc6 54. Rb4 Bd3 55. Kxg4 Kd5 56. Kf4 Bc2 57.
Rb5+ Kd6 58. Rc5 Bb3 59. Kg5 Ba2 60. Kf6 Bb3 61. Kf7 Kd7 62. Re5 Bc2 63. Rxe6 Bf5 64.
Re5 Bd3 65. Kf6 Kd6 66. Rb5 Bc2 67. Rb4 Bb3 68. Kf5 Kd5 69. Kf4 Kd6 70. Ke3 Bc2 71.
Rxc4 Kd5 72. Rc5+ Kd6 73. c4 Bb3 74. Kd2 1-0

[Event "*** Titled Tuesday 3|2 Blitz"]
[Site "Chess.com"]
[Date "2017.03.07"]
[Round "4"]
[White "Matibar"]
[Black "LawrenceTrent"]
[Result "1-0"]
[WhiteElo "2542"]
[BlackElo "2398"]
[TimeControl "180+2"]
[EndTime "13:58:20 PST"]
[Termination "Matibar won by resignation"]

1. e4 e5 2. f4 exf4 3. Qf3 Nc6 4.
Qxf4 Bd6 5. Qf2 Nf6 6. Nc3 Ng4 7. Qf3 h5 8. Nge2 Nxh2 9. Qh3 Nxf1 10. Rxf1 Be5 11.
Qf3 Qf6 12. Qe3 Qg6 13. d4 Bf6 14. Nd5 Bd8 15. Bd2 d6 16. O-O-O Bg4 17. Nef4 Qh7 18.
Rde1 O-O 19. Rh1 Re8 20. c3 Ne7 21. Nxe7+ Bxe7 22. Nxh5 Bxh5 23. g4 Qg6 24. gxh5 Qe6 25. h6 g6 26. h7+ Kh8 27. d5 Qe5 28. c4 Bf6 29. Bc3 Qe7 30. Ref1 Bxc3 31. Qxc3+ Qe5 32.
Rxf7 Qxc3+ 33. bxc3 Rxe4 34. Rxc7 b6 35. Rh2 g5 36.
Kc2 g4 37. Kb3 g3 38. Rg2 Re3 39. Rd7 Rc8 40. Rxd6 Kxh7 41. Rd7+ Kg6 42. Rxa7 b5 43. Ra6+ Kg5 44. Rc6 bxc4+ 45. Kxc4 Rf8 46. Kd4 Rf2 47. Kxe3 Rxg2 48. Kf3 Rd2 49. Kxg3 Rd3+ 50. Kf2 Rxd5 51. a4 Kf4 52. Ke2 Ra5 53. Rc4+ Ke5 54. Kd3 Kd5 55. Rh4 Ra8 56. a5 Kc5 57. Rh5+ Kc6 58. Kc4 Rg8 59. Rh6+ Kb7 60. Kb5 Rg5+ 61. Kb4 Rg4+ 62. c4 Rg5 63. Rb6+ Ka7 64. Rb5 Rg2 65. Rh5 Rg1 66. Kc5 Ka6 67. Rh8 Rg5+ 68. Kb4 Rg1 69. Rh6+ Ka7 70. Kb5 Rb1+ 71. Kc6 Ka6 72. Rh8 Ka7 73. c5 Rg1 74. Rh6 Ka6 75. Kc7+ Ka7 76. c6 Rg7+ 77. Kd6 Rg1 78. Rh7+ Ka6 79. Rh8 Rg6+ 80.
Kd7 Rg7+ 81. Kc8 Ra7 82. Rh6 Ra8+ 83. Kd7 Rg8 84. c7+ Kb7 85. Rb6+ Ka7 1-0

[Event "*** Titled Tuesday 3|2 Blitz"]
[Site "Chess.com"]
[Date "2017.03.07"]
[Round "4"]
[White "olgerts_indricans"]
[Black "Abrito99"]
[Result "0-1"]
[WhiteElo "2183"]
[BlackElo "2379"]
[TimeControl "180+2"]
[EndTime "13:58:56 PST"]
[Termination "Abrito99 won by resignation"]

1. e4 e6 2. d4 d5 3. exd5 exd5 4.
Bf4 Nc6 5. c3 Bd6 6. Bxd6 Qxd6 7. Bd3 Nge7 8. Ne2 O-O 9. O-O Bf5 10. Ng3 Bg6 11. Re1 Rfe8 12. Na3 a6 13. Qc2 Bxd3 14.
Qxd3 Qf6 15. Nc2 g6 16. Ne3 h5 17. h3 Rad8 18. Rad1 Rd6 19. Qd2 Re6 20. Nef1 Nc8 21. Rxe6 Rxe6 22. Ne3 Qg5 23. Nef1 Qf6 24. Ne3 N6e7 25.
Re1 Nd6 26. b3 h4 27. Ng4 Rxe1+ 28. Qxe1 Qg5 29. Nf1 Kf8 30. Nfh2 Nef5 31. Nf3 Qe7 32. Qe5 Qxe5 33. Ngxe5 Ne4 34. c4 dxc4 35. bxc4 Ke7 36.
Kf1 c5 37. dxc5 Nxc5 38. Ke2 Ne4 39. a3 Kf8 40. Nd3 Ned6 41. c5 Nb5 42. a4 Nc3+ 43. Kd2 Nxa4 44. Kc2 b6 45. c6 Ke7 46. Kb3 Nc5+ 47.
Nxc5 bxc5 48. Ne5 Nd6 49. Ka4 Ke6 50. Nd3 Kd5 51. c7 Kc6 52. c8=Q+ Nxc8 53. Ne5+ Kd5 54. Nxf7 Nd6 55. Ng5 Ne4 56. Nf3 g5 57. Kb3 c4+ 58. Kc2 a5 59. g3 Nxf2 60. gxh4 gxh4 61. Nxh4 Nxh3 62. Nf5 Nf4 63. Ne3+ Kc5 64. Kb2 Kb4 65. Nc2+ Kc5 66. Kc3 Nd5+ 67. Kb2 Nb4 68. Ne3 Kd4 69. Nf5+ Kd3 70. Nd6 c3+ 71. Kc1 Na2+ 72. Kb1 c2+ 73. Kxa2 c1=Q 74. Nb5 Qc4+ 0-1

[Event "*** Titled Tuesday 3|2 Blitz"]
[Site "Chess.com"]
[Date "2017.03.07"]
[Round "4"]
[White "GMOratovsky"]
[Black "Anton_Demchenko"]
[Result "0-1"]
[WhiteElo "2403"]
[BlackElo "2613"]
[TimeControl "180+2"]
[EndTime "14:00:03 PST"]
[Termination "Anton_Demchenko won on time"]

1. e4 e5 2. Nf3 Nc6 3. d4 exd4 4.
Nxd4 Nf6 5. Nxc6 bxc6 6. e5 Qe7 7. Qe2 Nd5 8. c4 Ba6 9. Qe4 Nb6 10. Nc3 Bb7 11. Bd3 O-O-O 12. O-O g6 13. Re1 Bg7 14. a4 d5 15. exd6 Qxd6 16. Bf1 c5 17. Qe7 Qxe7 18.
Rxe7 Rd7 19. Rxd7 Nxd7 20. Be3 Re8 21. a5 Re6 22. g3 a6 23. Rd1 Bxc3 24. bxc3 Ne5 25.
Bg2 Bxg2 26. Kxg2 Nxc4 27. Bxc5 Nxa5 28. Ra1 Nc4 29. h4 Rc6 30. Bd4 Nd6 31. Kf3 Nb5 32. Ke4 Kb7 33. Rb1 Kc8 34. Ra1 h5 35. Kd5 Rd6+ 36. Ke4 Re6+ 37. Kd3 Kd7 38. Bg7 Rd6+ 39. Ke3 Rc6 40. Kd3 Ke7 41. Bd4 Rd6 42. Ke4 Re6+ 43.
Kd3 Kd7 44. Rb1 Nd6 45. Ra1 Nb7 46. Kc4 Rc6+ 47. Kd3 Nd8 48. Ke4 Ne6 49. Be5 Rb6 50. Rd1+ Ke7 51. Ra1 Rc6 52. Ra2 Rb6 53. Ra1 Kd7 54.
Rd1+ Kc6 55. Ra1 Nc5+ 56. Ke3 Nb3 57. Rd1 a5 58. Rd8 Kb5 59. Bxc7 Rb7 60. Be5 a4 61. Ra8 Nc5 62. Kd4 Rd7+ 63. Ke3 Re7 64. Kd4 Rd7+ 65. Ke3 Kc4 66. Bd4 Re7+ 67. Kf3 Nb3 68. Rxa4+ Kd3 69. Ra6 Nd2+ 70. Kg2 Nc4 71. Rf6 Rd7 72.
Rf3+ Ke2 73. Rf6 Kd3 74. f3 Na3 75. g4 Nc2 76. gxh5 gxh5 77. Rf5 Rxd4 78. cxd4 Ne3+ 79. Kg3 Nxf5+ 80. Kf4 Nxh4 81. d5 Ng6+ 82. Kg5 h4 83. d6 Nf8 84. Kxh4 Kd4 85. Kg5 Ke5 86.
f4+ Ke6 87. f5+ Ke5 88. Kh5 Kf6 89. Kg4 Nd7 90. Kf4 Nb8 91. Ke4 Nd7 92. Kf4 Nc5 93. Kg4 Nd3 94. d7 Ne5+ 95. Kf4 Nxd7 96. Ke4 Nc5+ 97.
Kf4 Nb3 98. Kg4 Na5 99. Kf4 Nc6 0-1

[Event "*** Titled Tuesday 3|2 Blitz"]
[Site "Chess.com"]
[Date "2017.03.07"]
[Round "4"]
[White "AlexanderL"]
[Black "afgano29"]
[Result "0-1"]
[WhiteElo "2571"]
[BlackElo "2426"]
[TimeControl "180+2"]
[EndTime "14:00:15 PST"]
[Termination "afgano29 won by resignation"]

1. d4 Nf6 2. c4 g6 3. Nc3 d5 4.
Bf4 Bg7 5. e3 O-O 6. Rc1 c5 7.
dxc5 Be6 8. Nf3 Nc6 9. Nd4 Nxd4 10. exd4 dxc4 11. Be2 Nd5 12. Nxd5 Qxd5 13. Bf3 Qxd4 14.
Qxd4 Bxd4 15. Bxb7 Bxb2 16. Rc2 c3 17. Bxa8 Rxa8 18.
Be5 Bf5 19. Bxc3 Bxc2 20. Bxb2 Rb8 21. Bc1 Rb5 22. Kd2 Bf5 23. Ba3 Ra5 24. Bb4 Rxa2+ 25. Ke3 a5 26. Bc3 Rc2 27. Kd4 e5+ 28. Kc4 f6 29. f4 exf4 30. c6 Rxg2 31. c7 Kf7 32.
Rd1 Rxh2 33. Rd6 Ke7 34. Rxf6 Kd7 35. Rf7+ Kc8 36. Kd4 Rc2 37. Bxa5 f3 38. Rf8+ Kb7 39.
Rb8+ Ka6 40. Ra8+ Kb7 41. Rb8+ Ka7 42. Bb6+ Ka6 43. Bc5 f2 44. Rb6+ Ka5 45. Rb1 Rd2+ 46.
Ke3 Rc2 47. Bb6+ Ka6 48. Bd4 Rxc7 49. Ra1+ Kb5 50. Kxf2 Rc2+ 51. Ke3 Kc4 52. Ra4+ Kd5 53. Ra5+ Ke6 54. Ra6+ Kd5 55. Ra5+ Kc6 56. Ra6+ Kb5 57. Rb6+ Ka5 58. Rb8 Rc6 59. Kf4 Re6 60. Kg5 Re4 61.
Bf6 h5 62. Kh6 h4 63. Bd8+ Ka4 64. Bc7 h3 65. Kg5 Rg4+ 66. Kf6 Rg2 67. Be5 Be4 68. Rh8 Bf5 69. Rb8 Rf2 70. Kg5 Be4 71. Bg3 Rg2 72.
Kf4 Bf5 73. Kf3 Rc2 74. Be5 Rc4 75. Kg3 Rc5 76. Bf4 Rc2 77. Rh8 Rg2+ 78. Kf3 g5 79. Bg3 g4+ 80. Kf4 Bd7 81. Rh7 Be6 82. Rh6 Bc8 83. Rh8 Rc2 84. Kg5 Kb3 85. Bf4 Rc4 86. Bg3 Kc2 87. Rd8 Be6 88. Rd6 Re4 89. Rd8 Re3 90. Kh4 Bf5 91. Rd5 Be6 92. Rd8 Re4 93.
Kg5 Bc4 94. Rd7 Bd3 95. Rf7 Kd2 96. Rf4 Rxf4 97. Kxf4 Be2 98. Bh2 Ke1 99. Kg3 Kf1 100. Kf4 Kg2 101. Bg3 0-1

[Event "*** Titled Tuesday 3|2 Blitz"]
[Site "Chess.com"]
[Date "2017.03.07"]
[Round "5"]
[White "Gabix_94"]
[Black "Danhy"]
[Result "1-0"]
[WhiteElo "2508"]
[BlackElo "2349"]
[TimeControl "180+2"]
[EndTime "14:03:59 PST"]
[Termination "Gabix_94 won by resignation"]

1. e4 c5 2. Nf3 e6 3. d4 cxd4 4.
Nxd4 a6 5. Nc3 Qc7 6. Be2 b5 7. O-O Bb7 8. Bf3 Nc6 9. Re1 d6 10. a4 b4 11. Nxc6 Bxc6 12. Nd5 Qb7 13. Bf4 Nf6 14. Qd2 Bxd5 15. exd5 e5 16. Bxe5 dxe5 17.
Rxe5+ Kd8 18. d6 Qa7 19. Re7 Bxe7 20. dxe7+ Kxe7 21. Qxb4+ Kd8 22. Rd1+ 1-0

[Event "*** Titled Tuesday 3|2 Blitz"]
[Site "Chess.com"]
[Date "2017.03.07"]
[Round "5"]
[White "kleinebeer98"]
[Black "jncool68"]
[Result "1-0"]
[WhiteElo "2476"]
[BlackElo "2518"]
[TimeControl "180+2"]
[EndTime "14:04:26 PST"]
[Termination "kleinebeer98 won by resignation"]

1. e4 c5 2. Nf3 d6 3. d4 cxd4 4.
Nxd4 Nf6 5. Nc3 e6 6. Rg1 h6 7. g4 e5 8. Nb3 Be6 9. Be3 Be7 10. h4 d5 11. exd5 Nxd5 12. Nxd5 Qxd5 13. Qe2 Nc6 14. Rd1 Qe4 15. Bg2 Qa4 16. a3 O-O 17. g5 h5 18. Qxh5 Bg4 19. Bxc6 Qxb3 20. Rxg4 Qxb2 21. g6 1-0

[Event "*** Titled Tuesday 3|2 Blitz"]
[Site "Chess.com"]
[Date "2017.03.07"]
[Round "5"]
[White "Izoria123"]
[Black "GMOratovsky"]
[Result "1-0"]
[WhiteElo "2555"]
[BlackElo "2391"]
[TimeControl "180+2"]
[EndTime "14:05:03 PST"]
[Termination "Izoria123 won by resignation"]

1. Nf3 d6 2. d4 g6 3. e4 Bg7 4.
Bc4 Nf6 5. Qe2 O-O 6. O-O c6 7. Bb3 a5 8. a4 Bg4 9. Nbd2 e5 10.
dxe5 dxe5 11. h3 Bxf3 12. Nxf3 Qe7 13. c3 Rd8 14. Ng5 Na6 15. Nxf7 Nc5 16. Ba2 Rf8 17. Ng5+ Kh8 18. Be3 Ncxe4 19. Ne6 Rfe8 20. Rad1 Nd5 21. Nxg7 Kxg7 22. Bxd5 cxd5 23. Rxd5 Nf6 24. Rb5 1-0

[Event "*** Titled Tuesday 3|2 Blitz"]
[Site "Chess.com"]
[Date "2017.03.07"]
[Round "5"]
[White "VeraNebolsina"]
[Black "aa175"]
[Result "0-1"]
[WhiteElo "1582"]
[BlackElo "1851"]
[TimeControl "180+2"]
[EndTime "14:05:04 PST"]
[Termination "aa175 won by resignation"]

1. e4 e5 2. Nf3 Nc6 3. Bc4 Nf6 4. d3 Bc5 5. O-O d6 6. c3 Bg4 7. h3 Bh5 8. a4 Qd7 9. b4 Bxb4 10. cxb4 Nd4 11.
Nbd2 g5 12. Bb2 Nxf3+ 13. Nxf3 g4 14. hxg4 Bxg4 15. d4 Rg8 16. dxe5 Bh3 17. g3 Nxe4 18. Re1 Qg4 19. Nh2 Qxg3+ 0-1

[Event "*** Titled Tuesday 3|2 Blitz"]
[Site "Chess.com"]
[Date "2017.03.07"]
[Round "5"]
[White "daro94"]
[Black "spectralsoul"]
[Result "1-0"]
[WhiteElo "2695"]
[BlackElo "2627"]
[TimeControl "180+2"]
[EndTime "14:05:35 PST"]
[Termination "daro94 won by resignation"]

1. e4 d6 2. d4 Nf6 3. Nc3 g6 4. Be3 a6 5. Be2 b5 6. e5 Nfd7 7. f4 Bb7 8. Bf3 Qc8 9. Qe2 Nb6 10.
O-O-O Bg7 11. h4 h5 12. Nh3 N8d7 13. Ng5 e6 14. d5 Nxd5 15. Nxd5 Bxd5 16. Rxd5 exd5 17.
Bxd5 O-O 18. Qd3 c6 19. Qxg6 1-0